 Dungeon Crawl Stone Soup version 0.22-a0-580-gd5db89c (webtiles) character file.

10327 sking99 the Grappler (level 11, -3/98 HPs)
             Began as a Troll Monk on July 2, 2018.
             Was a High Priest of Lugonu.
             Slain by a thrashing horror (6 damage)
             ... summoned by Lugonu's corruption
             ... on level 11 of the Dungeon.
             The game lasted 00:20:43 (10528 turns).

sking99 the Grappler (Troll Monk)                  Turns: 10528, Time: 00:20:44

Health: -3/98      AC:  6    Str: 21      XL:     11   Next: 34%
Magic:  9/16       EV:  9    Int:  6      God:    Lugonu [*****.]
Gold:   651        SH: 10    Dex: 10 (15) Spells: 10/10 levels left

rFire    . . .     SeeInvis .     - Unarmed
rCold    . . .     Gourm    +   f - +0 shield
rNeg     + . .     Faith    .   a - +0 robe
rPois    .         Spirit   .   (helmet restricted)
rElec    .         Reflect  .   B - +0 cloak
rCorr    .         Harm     .   (gloves unavailable)
MR       .....                  (boots unavailable)
Stlth    +.........             (no amulet)
HPRegen  0.66/turn              t - ring of positive energy
MPRegen  0.15/turn              (no ring)

@: no status effects
A: large, unfitting armour, claws 3, fast metabolism 3, gourmand, regeneration
1, shaggy fur 1, tough skin 2
a: Depart the Abyss, Bend Space, Banish, Corrupt, Enter the Abyss, Renounce
Religion


You were on level 11 of the Dungeon.
You worshipped Lugonu.
Lugonu was extremely pleased with you.
You were not hungry.

You visited 2 branches of the dungeon, and saw 12 of its levels.
You also visited: Sewer.

You collected 651 gold pieces.

Inventory:

Hand Weapons
 k - the +11 mace of Ofoobromint {crush, +Inv MR+ Dex+3}
   (You found it on level 4 of the Dungeon)

   It inflicts extra damage upon your enemies.
   It affects your dexterity (+3).
   It affects your resistance to hostile enchantments.
   It lets you turn invisible.
Armour
 a - a +0 robe (worn)
 f - a +0 shield (worn)
 B - a +0 cloak (worn)
Jewellery
 d - an uncursed ring of protection from magic {unknown}
 m - an uncursed amulet of the acrobat
 t - a ring of positive energy (left claw)
 w - an uncursed ring of flight {unknown}
Wands
 x - a wand of acid (14)
 C - a wand of clouds (5)
Scrolls
 c - 2 scrolls of blinking
 g - 5 scrolls of remove curse
 l - 3 scrolls of fog
 o - a scroll of magic mapping
 q - a scroll of amnesia
 u - 3 scrolls of teleportation
 v - 2 scrolls of immolation {unknown}
 y - a scroll of acquirement {unknown}
Potions
 e - 3 potions of agility
 h - 2 potions of brilliance {unknown}
 i - 2 potions of flight {unknown}
 j - a potion of heal wounds
 n - 2 potions of cancellation {unknown}
 p - 2 potions of degeneration {unknown}
 r - 3 potions of mutation
 s - 2 potions of lignification
 z - 2 potions of invisibility
 A - a potion of haste {unknown}
Comestibles
 b - 25 rations


   Skills:
 - Level 3.7 Fighting
 - Level 2.4 Dodging
 - Level 1.0 Stealth
 + Level 6.9 Shields
 * Level 12.8 Unarmed Combat
 + Level 8.0 Invocations


You had 10 spell levels left.
You didn't know any spells.
Your spell library contained the following spells:

 Spells                   Type           Power        Failure   Level  Hunger
 Spider Form              Tmut/Pois      #.........   92%         3    ####...
 Blade Hands              Tmut           #.........   100%        5    ######.
 Ice Form                 Ice/Tmut       #.......     100%        4    #####..
 Sticks to Snakes         Tmut           #.......     75%         2    ###....
 Beastly Appendage        Tmut           #.....       58%         1    ##.....


Dungeon Overview and Level Annotations

Branches:
Dungeon (11/15)            Temple (1/1) D:6            Lair (0/6) D:9
    Orc: D:9-12

Altars:
Ashenzari
Cheibriados
Dithmenos
Elyvilon
Fedhas
Gozag
Hepliaklqana
Kikubaaqudgha
Makhleb
Nemelex Xobeh
Okawaru
Qazlal
Ru
Sif Muna
Trog
Uskayaw
Vehumet
Wu Jian
Xom
Yredelemnul
Zin
The Shining One
Lugonu

Annotations:
D:7 Prince Ribbit
D:8 Grum
D:10 corrupted
D:11 corrupted


Innate Abilities, Weirdness & Mutations

You are too large for most types of armour.
You have claws for hands.
Your metabolism is lightning-fast.
You like to eat raw meat.
Your natural rate of healing is unusually fast.
You are covered in fur. (AC +1)
You have very tough skin. (AC +2)


Message History

The quasit claws the starcursed mass but does no damage. x2
The orc hits the large abomination but does no damage.
A starcursed mass splits.
The kobold demonologist casts a spell.
The smoke demon completely misses the quasit.
The smoke demon closely misses the quasit.
The smoke demon hits the quasit but does no damage.
The blizzard demon waves its arms in wide circles.
The kobold demonologist is struck by the twisting air!
The large abomination closely misses the quasit.
The large abomination hits the orc!!!
The orc dies!
You block the iron imp's attack.
The large abomination completely misses the kobold demonologist.
The quasit bites the starcursed mass but does no damage.
The quasit claws the starcursed mass but does no damage. x2
The thrashing horror tramples you!
* * * LOW HITPOINT WARNING * * *
You hold your ground!
The thrashing horror tramples you.
You die...

....## ##.....5..## #
#.### ##.#4..X..##.#
...### #............
##...######..#......X.#
###........XX...>....#
######.#.....#X....#.#
#..#.#.xh#......#
###...3#X#535##
#.2X5@5#x# #
#...#.#XXXXX.#..### #X
###4X53XZX.....
#..XXXK####..###.
#...2Xo.# #......
##..55)5##.......
........#§...§..[.
.#.........§......
##.......#..§.....


You could see a kobold demonologist, 2 iron imps, an orc priest, a quasit, a
shadow imp, 6 neutral starcursed masses, a neutral green death, a neutral
blizzard demon, 2 neutral thrashing horrors, 9 neutral large abominations, 2
neutral smoke demons, a neutral raiju, a neutral ynoxinul, 2 neutral chaos
spawn, a neutral small abomination, a neutral iron imp, a neutral anaconda
simulacrum and 3 neutral ufetubi.

Vanquished Creatures
  A gargoyle (D:10)
  Psyche (D:8)
  3 hippogriffs
  A redback (shapeshifter) (D:8)
  A wraith (D:10)
  3 yaks (D:9)
  Menkaure (D:7)
  A hungry ghost (D:10)
  2 hell hounds (D:9)
  2 orc warriors
  A phantom (D:9)
  2 sky beasts
  5 ice beasts
  4 centaurs
  8 ogres
  An eye of draining (D:9)
  3 wolves (D:8)
  A big kobold (D:10)
  9 bullfrogs
  2 gnoll sergeants
  3 scorpions
  3 wights (D:7)
  13 killer bees
  3 howler monkeys (D:11)
  3 crimson imps
  A bullfrog zombie (D:5)
  A quasit (D:10)
  7 hounds
  2 bullfrog skeletons (D:7)
  2 orc priests
  6 jellies
  7 orc wizards
  2 iguanas
  5 worker ants
  A hound zombie (D:5)
  A worker ant zombie (D:10)
  12 adders
  16 gnolls
  A howler monkey skeleton (D:5)
  3 shadow imps
  An adder zombie (D:6)
  9 oozes (Sewer)
  An adder skeleton (D:5)
  7 worms
  2 dart slugs
  10 leopard geckos
  21 orcs
  A bat zombie (D:4)
  16 giant cockroaches
  3 goblins
  5 hobgoblins
  9 jackals
  7 quokkas
  8 ball pythons (Sewer)
  12 bats
  18 frilled lizards
  7 kobolds
  A leopard gecko skeleton (D:4)
  A quokka skeleton (D:9)
  12 rats
  2 rat zombies (D:4)
297 creatures vanquished.

Vanquished Creatures (others)
  A stone giant (D:10)
  2 ettins (D:10)
  A hydra (D:10)
  2 two-headed ogres (D:10)
  2 killer bees (D:10)
  An orc priest (D:10)
  2 orc wizards
  An iguana (D:10)
  An adder (D:10)
  8 orcs
  9 starspawn tentacles (D:10)
30 creatures vanquished.

Grand Total: 327 creatures vanquished

Notes
Turn   | Place    | Note
-------+----------+-------------------------------------------
     0 | D:1      | sking99 the Troll Monk began the quest for the Orb.
     0 | D:1      | Reached XP level 1. HP: 22/22 MP: 0/0
   207 | D:1      | Reached XP level 2. HP: 29/29 MP: 1/1
   714 | D:2      | Reached XP level 3. HP: 29/36 MP: 2/2
   765 | D:2      | Reached skill level 4 in Unarmed Combat
   878 | D:2      | Found a faded altar of an unknown god.
   914 | D:2      | Became a worshipper of Lugonu the Unformed
   914 | D:2      | Reached * piety under Lugonu
   914 | D:2      | Reached ** piety under Lugonu
   914 | D:2      | Reached *** piety under Lugonu
   951 | D:2      | Found an opulent altar of Gozag.
  1103 | D:2      | Reached XP level 4. HP: 45/45 MP: 3/3
  1451 | D:3      | Found a blossoming altar of Fedhas.
  1471 | D:3      | Reached **** piety under Lugonu
  1619 | D:3      | Found a sacrificial altar of Ru.
  2167 | D:4      | Found a glowing drain.
  2175 | Sewer    | Entered a sewer
  2180 | Sewer    | Reached skill level 1 in Invocations
  2224 | Sewer    | Reached XP level 5. HP: 48/53 MP: 4/4
  2307 | Sewer    | Reached ***** piety under Lugonu
  2324 | Sewer    | Reached skill level 5 in Unarmed Combat
  2455 | Sewer    | Reached XP level 6. HP: 39/62 MP: 6/6
  2648 | D:4      | Found a deep blue altar of Sif Muna.
  2753 | D:4      | Found an ancient bone altar of Kikubaaqudgha.
  2811 | D:4      | Got a bone mace
  2812 | D:4      | Identified the +11 mace of Ofoobromint {crush, +Inv MR+ Dex+3} (You found it on level 4 of the Dungeon)
  3127 | D:5      | Entered Level 5 of the Dungeon
  3201 | D:5      | Reached skill level 6 in Unarmed Combat
  3226 | D:5      | Reached skill level 1 in Shields
  3242 | D:5      | Reached XP level 7. HP: 65/68 MP: 6/8
  3287 | D:5      | Found a stormy altar of Qazlal.
  3595 | D:5      | Reached skill level 7 in Unarmed Combat
  3661 | D:5      | Found an ornate altar of the Wu Jian Council.
  3944 | D:5      | Found a burning altar of Makhleb.
  4356 | D:6      | Found a staircase to the Ecumenical Temple.
  4375 | Temple   | Entered the Ecumenical Temple
  4609 | D:6      | Reached XP level 8. HP: 64/78 MP: 9/9
  4829 | D:6      | Reached skill level 8 in Unarmed Combat
  4914 | D:6      | Found an iron altar of Okawaru.
  4917 | D:6      | Found a glowing silver altar of Zin.
  5403 | D:7      | HP: 1/78 [gnoll sergeant/stone (6)]
  5571 | D:7      | Reached skill level 9 in Unarmed Combat
  5605 | D:7      | Reached XP level 9. HP: 84/84 MP: 11/11
  5613 | D:7      | Reached skill level 5 in Invocations
  6008 | D:7      | Noticed Menkaure
  6016 | D:7      | Killed Menkaure
  6533 | D:7      | Found a shimmering altar of Xom.
  6565 | D:7      | Noticed Prince Ribbit
  6861 | D:8      | Noticed a komodo dragon
  6863 | D:8      | Reached skill level 10 in Unarmed Combat
  7076 | D:8      | Reached skill level 5 in Shields
  7162 | D:8      | Noticed Psyche
  7171 | D:8      | Killed Psyche
  7177 | D:8      | Reached XP level 10. HP: 64/92 MP: 13/13
  7228 | D:8      | Found a bloodstained altar of Trog.
  7255 | D:8      | Found a radiant altar of Vehumet.
  7265 | D:8      | Noticed Grum
  7351 | D:8      | HP: 4/92 [gnoll sergeant/trident of freezing (5)]
  7742 | D:8      | Reached skill level 11 in Unarmed Combat
  8102 | D:9      | Reached ****** piety under Lugonu
  8503 | D:9      | Found a hazy altar of Hepliaklqana.
  8709 | D:9      | Found a staircase to the Lair.
  8851 | D:9      | Found a sparkling altar of Nemelex Xobeh.
  9002 | D:10     | Entered Level 10 of the Dungeon
  9041 | D:10     | Noticed a two-headed ogre
  9054 | D:10     | Corrupted D:10
  9054 | D:10     | Noticed a tentacled starspawn
  9055 | D:10     | Noticed a sixfirhy
  9055 | D:10     | Noticed a thrashing horror
  9056 | D:10     | Noticed a bone dragon
  9056 | D:10     | Noticed a shadow demon
  9057 | D:10     | Noticed a tentacled starspawn
  9059 | D:10     | Killed a two-headed ogre
  9065 | D:10     | Noticed a two-headed ogre
  9074 | D:10     | HP: 3/92 [orc/club (7)]
  9075 | D:10     | Banished a two-headed ogre
  9075 | D:10     | Reached skill level 12 in Unarmed Combat
  9598 | D:10     | Noticed a gargoyle
  9602 | D:10     | Killed a gargoyle
  9602 | D:10     | Reached XP level 11. HP: 98/98 MP: 15/15
  9772 | D:10     | Found a runed door.
  9781 | D:10     | Noticed a stone giant
  9787 | D:10     | Banished a stone giant
  9938 | D:10     | Noticed a seven-headed hydra
  9941 | D:10     | Banished a seven-headed hydra
 10046 | D:10     | Noticed an ettin
 10046 | D:10     | Noticed an ettin
 10058 | D:10     | Banished an ettin
 10059 | D:10     | Banished an ettin
 10524 | D:11     | Corrupted D:11
 10524 | D:11     | Noticed a green death
 10524 | D:11     | Noticed a blizzard demon
 10524 | D:11     | Noticed a large abomination
 10524 | D:11     | Noticed a thrashing horror
 10524 | D:11     | Noticed a starcursed mass
 10524 | D:11     | Noticed a starcursed mass
 10524 | D:11     | Noticed a large abomination
 10524 | D:11     | Noticed a starcursed mass
 10524 | D:11     | Noticed a starcursed mass
 10525 | D:11     | Noticed a starcursed mass
 10527 | D:11     | Noticed a thrashing horror
 10527 | D:11     | Noticed a large abomination
 10528 | D:11     | HP: 3/98 [thrashing horror[Lugonu's corruption] (8)]
 10528 | D:11     | Slain by a thrashing horror

Vault maps used:
D:1:      sevenhm_arrival_forest_fort_small_3
D:2:      overflow_temple_1_default, chequers_ecumenical_altar_island,
          kennysheep_boxes
D:3:      lemuel_doored_altar, nicolae_overflow_crystal_walls, first_ration
D:4:      led_sif_pool, lemuel_zombie_altar_kikubaaqudgha,
          gup_sewer_entry_bubbles
D:5:      kennysheep_spiral_hall, kennysheep_mini, marbit_many_paths,
          kennysheep_little_box
D:6:      minitemple, minmay_temple_entry_metal_lava
D:7:      basic_altar, uniq_menkaure, uniq_prince_ribbit1
D:8:      bloody_trog, basic_altar, kb_rosetta, uniq_psyche, uniq_grum
D:9:      lemuel_round_altar, nemelex_xobeh_ov_fountains_minmay,
          minmay_lair_entry_lava, grunt_pizzeria
D:10:     dk_vineyard_2, minivault_13
D:11:     fort_yaktaur, serial_shops, nicolae_shop_statue_plus
Temple:   nicolae_temple_figure_zero
Sewer:    sewer_frog_island_02

Skill      XL: |  1  2  3  4  5  6  7  8  9 10 11 |
---------------+----------------------------------+-----
Unarmed Combat | 4 5 6 7 9 10 12 | 12.8
Fighting       | 3 |  3.7
Invocations    | 1 2 3 4 6 7 8 |  8.0
Shields        | 1 2 3 5 6 |  6.9
Dodging        | |  2.4
Stealth        | |  1.0

Action                   |  1- 3 |  4- 6 |  7- 9 | 10-12 || total
-------------------------+-------+-------+-------+-------++-------
Melee: Unarmed           |    88 |   214 |   302 |   303 ||   907
       Punch             |     1 |     3 |       |       ||     4
Invok: Banish            |       |       |       |     7 ||     7
       Corrupt           |       |       |       |     2 ||     2
  Use: Scroll            |       |     8 |     6 |       ||    14
       Potion            |       |       |     6 |     1 ||     7
 Stab: Sleeping          |     1 |    10 |       |     9 ||    20
       Distracted        |       |     2 |     1 |     1 ||     4
  Eat: Chunk             |    16 |    19 |    31 |    29 ||    95
       Ration            |       |       |     1 |     2 ||     3
Armor: Robe              |    45 |    71 |    48 |    82 ||   246
       Skin              |       |       |    40 |       ||    40
Dodge: Dodged            |    50 |    85 |   107 |   117 ||   359
Block: Shield            |       |    17 |   141 |   194 ||   352

Table legend:
 A = Spawn XP
 B = Non-spawn XP
 C = Spawn XP percentage of total XP
 D = Spawn monster count
 E = Non-spawn monster count
 F = Spawn count percentage of total count
 G = Total turns spent on level
                    A         B        C        D         E        F      G
               +---------+---------+-------+---------+---------+-------+---------
         Total |       0 |   14753 |   0.0 |       0 |     304 |   0.0 | 10528
               +---------+---------+-------+---------+---------+-------+---------
           D:1 |       0 |      36 |   0.0 |       0 |      23 |   0.0 |   698
           D:2 |       0 |      70 |   0.0 |       0 |      16 |   0.0 |   742
           D:3 |       0 |      40 |   0.0 |       0 |      16 |   0.0 |   647
           D:4 |       0 |     122 |   0.0 |       0 |      19 |   0.0 |   671
           D:5 |       0 |     705 |   0.0 |       0 |      21 |   0.0 |  1056
           D:6 |       0 |    1041 |   0.0 |       0 |      28 |   0.0 |  1135
           D:7 |       0 |    1704 |   0.0 |       0 |      31 |   0.0 |  1387
           D:8 |       0 |    2528 |   0.0 |       0 |      29 |   0.0 |  1072
           D:9 |       0 |    2436 |   0.0 |       0 |      32 |   0.0 |  1094
          D:10 |       0 |    5419 |   0.0 |       0 |      34 |   0.0 |  1422
          D:11 |       0 |     315 |   0.0 |       0 |       5 |   0.0 |   104
         Sewer |       0 |     337 |   0.0 |       0 |      50 |   0.0 |   369
               +---------+---------+-------+---------+---------+-------+---------
